 Dungeon Crawl Stone Soup version 0.31-a0-210-gccc998df9b (webtiles) character file.

Game seed: 18335138649405054664

3577 123456 the Fighter (level 9, -2/86 HPs)
             Began as a Minotaur Fighter on June 29, 2023.
             Slain by a killer bee (3 damage)
             ... on level 7 of the Dungeon.
             The game lasted 00:11:00 (7680 turns).

123456 the Fighter (Minotaur Fighter)               Turns: 7680, Time: 00:11:00

Health: -2/86      AC: 25    Str: 24    XL:     9   Next: 84%
Magic:  8/8        EV:  7    Int:  5    God:
Gold:   321        SH:  0    Dex: 11    Spells: 8/8 levels left

rFire   + . .        v - +2 dire flail (heavy)
rCold   + + .        (shield currently unavailable)
rNeg    . . .        H - +0 plate armour
rPois   +            (helmet restricted)
rElec   +            r - +1 cloak
rCorr   +            G - +2 pair of gloves
SInv    .            g - +2 pair of boots
Will    .....        (no amulet) Stlth
                     k - ring of protection from cold
HPRegen 0.34/turn    F - +4 ring of protection
MPRegen 0.11/turn

%: no passive effects
@: lethally poisoned (-2 -> -5), resistant
A: horns 2, retaliatory headbutt
a: no special abilities


You were on level 7 of the Dungeon.
You visited 2 branches of the dungeon, and saw 9 of its levels.

You collected 493 gold pieces.
You spent 172 gold pieces at shops.

Inventory:

Hand Weapons
 v - a +2 heavy dire flail (weapon)
Armour
 c - a +0 buckler
 g - a +2 pair of boots (worn)
 r - a +1 cloak (worn)
 G - a +2 pair of gloves (worn)
 H - a +0 plate armour (worn)
Jewellery
 k - a ring of protection from cold (left hand)
 F - a +4 ring of protection (right hand)
Wands
 u - a wand of acid (1)
Scrolls
 e - a scroll of fear {unknown}
 f - 4 scrolls of teleportation {unknown}
 h - 9 scrolls of identify {unknown}
 i - a scroll of blinking {unknown}
 o - a scroll of fog {unknown}
 p - a scroll of enchant weapon {unknown}
 s - a scroll of immolation {unknown}
 t - a scroll of vulnerability {unknown}
 w - 2 scrolls of noise {unknown}
 x - a scroll of amnesia {unknown}
 y - 3 scrolls of summoning {unknown}
 z - a scroll of brand weapon {unknown}
 A - a scroll of poison {unknown}
 B - a scroll of revelation {unknown}
Potions
 b - a potion of cancellation {unknown}
 d - 2 potions of might
 j - a potion of haste {unknown}
 m - 2 potions of berserk rage {unknown}
 n - a potion of brilliance {unknown}
 q - 3 potions of lignification {unknown}
 C - a potion of attraction {unknown}
 E - a potion of mutation {unknown}


   Skills:
 * Level 10.9 Fighting
 * Level 10.4 Maces & Flails
 - Level 5.2 Armour
 - Level 3.2 Dodging
 + Level 4.3 Stealth
 - Level 5.0 Shields


You had 8 spell levels left.
You didn't know any spells.
Your spell library was empty.

Dungeon Overview and Level Annotations

Branches:
Dungeon (8/15)             Temple (1/1) D:4
   Lair: D:8-11

Altars:
Ashenzari
Cheibriados
Dithmenos
Elyvilon
Fedhas
Hepliaklqana
Kikubaaqudgha
Makhleb
Nemelex Xobeh
Qazlal
Sif Muna
Trog
Uskayaw
Vehumet
Wu Jian
Xom
Yredelemnul
The Shining One

Shops:
D:7 [(


Innate Abilities, Weirdness & Mutations

You have a pair of horns on your head.
You reflexively headbutt those who attack you in melee.


Message History

The killer bee attacks as you move away!
The killer bee stings you.
* * * LOW HITPOINT WARNING * * *
You are poisoned.
The killer bee poisons you!
The killer bee attacks as you move away!
The killer bee closely misses you.
You feel very sick.
The killer bee stings you but does no damage. x3
There is a stone staircase leading up here.
You feel sick. The killer bee stings you.
* * * LOW HITPOINT WARNING * * *
You are lethally poisoned!
The killer bee poisons you! The killer bee barely misses you.
You furiously retaliate!
You headbutt the killer bee! The killer bee stings you.
* * * LOW HITPOINT WARNING * * *
The killer bee misses you.
The killer bee stings you but does no damage. x2
You climb upwards.
* * * LOW HITPOINT WARNING * * *
You feel very sick.
There is a stone staircase leading down here.
You feel better.
The killer bee stings you but does no damage.
The killer bee completely misses you. The killer bee barely misses you.
The killer bee stings you.
* * * LOW HITPOINT WARNING * * *
You are poisoned.
The killer bee poisons you!
The killer bee stings you but does no damage.
The killer bee stings you.
* * * LOW HITPOINT WARNING * * *
You feel protected.
* * * LOW HITPOINT WARNING * * *
You feel sick. The killer bee closely misses you. You furiously retaliate!
You headbutt the killer bee!
You kill the killer bee!
The killer bee stings you.
You die...

#.###...###
#.#~~...~~#
#.#~..♣..~##
#..........##
#...♣._.♣...## #
#............###
###~..♣..~#..#..
###.#~~r..~~#..#..
###@y.###...###..#..
##.[y)........#......
#......#......#.<....
###...##...##...##...
#......#..##...##....
##............###..##
##......#...(.#.).#
####
##......#.###.....##
#..####......#..#
###..##.


You could see 2 killer bees.

Vanquished Creatures
  Pikel (D:7)
  Grinder (D:4)
  A hornet (D:7)
  Sigmund (D:3)
  A steam dragon (D:5)
  Menkaure (D:4)
  3 water moccasins
  A sky beast (D:7)
  2 ice beasts
  An orc warrior (D:7)
  3 ogres
  2 centaurs
  A lemure (D:7)
  Blork the orc (D:4)
  A kobold brigand (D:7)
  2 scorpions
  3 killer bees
  A jelly (D:6)
  3 hounds
  Crazy Yiuf (D:3)
  3 orc priests
  4 iguanas
  Jessica (D:3)
  8 orc wizards
  4 gnolls (D:6)
  11 adders
  A white imp (D:6)
  An ufetubus (D:7)
  3 worms (D:2)
  2 dart slugs (D:1)
  28 orcs
  6 bats
  4 giant cockroaches
  6 goblins
  10 hobgoblins
  5 jackals
  9 kobolds
  2 quokkas
  6 ball pythons
  4 frilled lizards
  5 rats
154 creatures vanquished.

Notes
Turn   | Place    | Note
-------+----------+-------------------------------------------
     0 | D:1      | 123456 the Minotaur Fighter began the quest for the Orb.
     0 | D:1      | Reached XP level 1. HP: 19/19 MP: 0/0
   139 | D:1      | Reached XP level 2. HP: 26/27 MP: 1/1
   409 | D:1      | Reached skill level 1 in Dodging
   545 | D:1      | Reached XP level 3. HP: 33/33 MP: 2/2
  1008 | D:2      | Found a faded altar of an unknown god.
  1426 | D:3      | Reached XP level 4. HP: 41/41 MP: 3/3
  1525 | D:3      | Noticed Sigmund
  1542 | D:3      | Killed Sigmund
  1543 | D:3      | Reached skill level 5 in Fighting
  1543 | D:3      | Reached XP level 5. HP: 30/48 MP: 4/4
  1691 | D:3      | Found a hide-covered altar of Uskayaw.
  1788 | D:3      | Noticed Jessica
  1792 | D:3      | Killed Jessica
  1793 | D:3      | Reached XP level 6. HP: 56/56 MP: 5/5
  1807 | D:3      | Found an ornate altar of the Wu Jian Council.
  1809 | D:3      | Found a burning altar of Makhleb.
  1866 | D:3      | Reached skill level 5 in Maces & Flails
  2135 | D:3      | Found a runed translucent door.
  2136 | D:3      | Noticed Crazy Yiuf
  2144 | D:3      | Killed Crazy Yiuf
  2421 | D:4      | Found a staircase to the Ecumenical Temple.
  2474 | D:4      | Noticed Grinder
  2474 | D:4      | Paralysed by Grinder for 4 turns
  2480 | D:4      | Paralysed by Grinder for 3 turns
  2484 | D:4      | Paralysed by Grinder for 2 turns
  2493 | D:4      | Killed Grinder
  2494 | D:4      | Reached skill level 5 in Armour
  2494 | D:4      | Reached XP level 7. HP: 13/64 MP: 6/6
  2727 | D:4      | Noticed Menkaure
  2734 | D:4      | Killed Menkaure
  2954 | D:4      | Noticed Blork the orc
  2959 | D:4      | Killed Blork the orc
  2960 | D:4      | Reached skill level 1 in Stealth
  3884 | D:5      | Entered Level 5 of the Dungeon
  3884 | D:5      | Found a shimmering altar of Xom.
  3884 | D:5      | Found a shimmering altar of Xom.
  3884 | D:5      | Found a shimmering altar of Xom.
  3884 | D:5      | Found a shimmering altar of Xom.
  3933 | D:5      | Found a shimmering altar of Xom.
  3937 | D:5      | Found a shimmering altar of Xom.
  3937 | D:5      | Found a shimmering altar of Xom.
  3958 | D:5      | Reached XP level 8. HP: 38/73 MP: 7/7
  4933 | Temple   | Entered the Ecumenical Temple
  5260 | D:6      | Reached skill level 5 in Shields
  5685 | D:6      | Found a shimmering blue altar of Sif Muna.
  6212 | D:6      | Reached XP level 9. HP: 80/83 MP: 8/8
  6454 | D:7      | Noticed Pikel
  6461 | D:7      | Killed Pikel
  6480 | D:7      | Reached skill level 10 in Fighting
  6660 | D:7      | Found Cytigh's Antique Armour Shop.
  6665 | D:7      | Bought a pair of embroidered gloves for 172 gold pieces
  6936 | D:7      | Found Xaxut's Weapon Emporium.
  7037 | D:7      | Reached skill level 10 in Maces & Flails
  7152 | D:7      | Found a white marble altar of Elyvilon.
  7310 | D:8      | Paralysed by a hornet for 2 turns
  7678 | D:7      | HP: 1/86 [poisoned by a killer bee]
  7680 | D:7      | Slain by a killer bee

Illustrated notes

Levels and vault maps discovered:
D:1:      wander_arrival_peaceful_grave, layout_loops_cross, minmay_heptomino_d4
D:2:      layout_rooms, hellmonk_ecumenical_altar_run_dry, solitary_fountain
D:3:      layout_basic, nicolae_overflow_hidden_temple, nicolae_half_adder,
          uniq_sigmund, uniq_jessica, uniq_crazy_yiuf_cottage
D:4:      nicolae_cairo_tiling, layout_gridville,
          minmay_temple_entry_from_below_a, uniq_menkaure, uniq_blork_the_orc,
          uniq_grinder
D:5:      layout_loops_cross, nicolae_xom_altar_mimics,
          kennysheep_generic_room_15
D:6:      layout_basic, nicolae_sif_muna_little_library
D:7:      layout_cave_pools, elyvilon_altar_4, serial_shops,
          nicolae_shop_advertising_works [nicolae_subvault_shop_adworks],
          nicolae_shop_rolling_square, uniq_pikel
D:8:      layout_loops_cross, mainiacjoe_overflow_boulevard,
          hellmonk_guarded_unrand_sphere_of_battle
Temple:   nicolae_temple_bog_church

Skill      XL: |  1  2  3  4  5  6  7  8  9 |
---------------+----------------------------+-----
Fighting       | 4 5 6 7 9 10 | 10.9
Maces & Flails | 3 4 5 6 8 10 | 10.4
Dodging        | 1 2 3 |  3.2
Armour         | 4 5 |  5.2
Stealth        | 1 3 4 |  4.3
Shields        | 4 5 |  5.0

Action                     |  1- 3 |  4- 6 |  7- 9 || total
---------------------------+-------+-------+-------++-------
  Melee: Flail             |    92 |    59 |    16 ||   167
         Headbutt          |    15 |     8 |    26 ||    49
         Dire flail        |       |       |   183 ||   183
  Evoke: Wand              |       |     4 |     2 ||     6
    Use: Potion            |     2 |       |     4 ||     6
 Armour: Scale mail        |    52 |    29 |    56 ||   137
         Chain mail        |       |       |    72 ||    72
         Plate armour      |       |       |    64 ||    64
  Dodge: Dodged            |    48 |    28 |   149 ||   225
  Block: Buckler           |    23 |    10 |     2 ||    35

Table legend: (Time is in decaauts)
 A = Elapsed time spent in this place.
 B = Non-inter-level travel time spent in this place.
 C = Inter-level travel time spent in this place.
 D = Time resting spent in this place.
 E = Time spent auto-exploring this place.
 F = Levels seen in this place.
 G = Mean time per level.
                   A        B        C        D        E       F      G
               +--------+--------+--------+--------+--------+-----+--------+
         Total |   7800 |   7576 |    224 |   1414 |   5075 |   9 |  866.7 |
       Dungeon |   7593 |   7386 |    207 |   1414 |   4899 |   8 |  949.1 |
        Temple |    207 |    190 |     17 |      0 |    176 |   1 |  207.0 |
               +--------+--------+--------+--------+--------+-----+--------+

Top non-repeatable levels by time:
     D:4: 1571 daAuts
     D:6: 1289 daAuts
     D:7: 1217 daAuts
     D:3: 1085 daAuts
     D:5: 1078 daAuts
     D:2: 685 daAuts
     D:1: 613 daAuts
  Temple: 207 daAuts
     D:8: 51 daAuts
